 Dungeon Crawl Stone Soup version 0.19.5 (webtiles) character file.

44214 snowfan the Eclecticist (level 13, 0/66 HPs)
             Began as a Deep Elf Wizard on May 13, 2017.
             Was a High Priest of Sif Muna.
             Slain by a tyrant leech (14 damage)
             ... on level 6 of the Lair of Beasts.
             The game lasted 01:57:08 (22895 turns).

snowfan the Eclecticist (Deep Elf Wizard)          Turns: 22895, Time: 01:57:09

Health: 0/66       AC:  9    Str:  8    XL:     13   Next: 95%
Magic:  17/35      EV: 20    Int: 27    God:    Sif Muna [*****.]
Gold:   892        SH:  0    Dex: 13    Spells: 9 memorised, 13 levels left

rFire  . . .     SeeInvis .     (no weapon)
rCold  . . .     Gourm    .     g - +2 robe {MR+}
rNeg   + . .     Faith    +     (no shield)
rPois  +         Spirit   .     b - +1 hat
rElec  .         Reflect  .     M - +0 cloak
rCorr  .         Harm     .     T - +0 pair of gloves
MR     +++..                    v - +2 pair of boots
Stlth  ++........               z - amulet of faith
                                C - ring of protection from magic
                                Q - ring of positive energy

@: about to teleport, slowed, divine energy, very slow
A: blurry vision 1, deformed body, dopey 1, poison resistance, strong 2,
MP-powered wands
a: Stop Divine Energy, Channel Magic, Forget Spell, Renounce Religion


You were on level 6 of the Lair of Beasts.
You worshipped Sif Muna.
Sif Muna was extremely pleased with you.
You were very hungry.

You visited 3 branches of the dungeon, and saw 17 of its levels.
You also visited: Ossuary.

You collected 892 gold pieces.

Inventory:

Armour
 b - a +1 hat (worn)
 g - a +2 robe of magic resistance (worn)
 v - a +2 pair of boots (worn)
 M - a +0 cloak (worn)
 T - a +0 pair of gloves (worn)
Jewellery
 f - the ring "Besh" {Wiz +Fly rF+ rC+ Str-2, unknown}
   (You found it on level 6 of the Lair of Beasts)

   [ring of wizardry]

   It improves your spell success rate.
   It affects your strength (-2).
   It protects you from fire.
   It protects you from cold.
   It lets you fly.
 i - an uncursed ring of see invisible
 z - an amulet of faith (around neck)
 C - a ring of protection from magic (right hand)
 Q - a ring of positive energy (left hand)
 Y - an uncursed ring of poison resistance {unknown}
Wands
 a - a wand of flame (24/48)
 t - a wand of lightning (9/15)
 u - a wand of lightning (6/15)
Scrolls
 h - 2 scrolls of fog
 r - 12 scrolls of identify
 w - 2 scrolls of vulnerability
 D - a scroll of random uselessness {unknown}
 H - 7 scrolls of teleportation
 J - 2 scrolls of recharging
 K - 2 scrolls of summoning {unknown}
 L - 3 scrolls of amnesia
 N - a scroll of enchant weapon
 V - 4 scrolls of magic mapping
 X - 2 scrolls of immolation
 Z - 6 scrolls of remove curse
Potions
 e - 2 potions of cancellation {unknown}
 k - 6 potions of haste {unknown}
 l - 4 potions of brilliance
 p - 6 potions of curing
 s - 3 potions of degeneration {unknown}
 B - a potion of mutation {unknown}
 E - a potion of berserk rage {unknown}
 F - a potion of cure mutation {unknown}
 G - 3 potions of flight {unknown}
 I - a potion of ambrosia {unknown}
 O - a potion of resistance {unknown}
 P - 2 potions of lignification {unknown}
 R - 2 potions of might {unknown}
 S - 2 potions of agility
 U - a potion of invisibility {unknown}
 W - a potion of beneficial mutation {unknown}
Books
 c - Sif Muna's Reference Book on the Traveller and Attacks
   (Sif Muna gifted it to you on level 5 of the Lair of Beasts)

   Spells                             Type                      Level
   a - Gell's Gravitas                Hexes/Translocation          3
   b - Lightning Bolt                 Conjuration/Air              5
   c - Iron Shot                      Conjuration/Earth            6
   d - Chain Lightning                Conjuration/Air              8
   e - Fire Storm                     Conjuration/Fire             9
 n - a book of Geomancy

   Spells                             Type                      Level
   a - Sandblast                      Earth                        1
   b - Passwall                       Transmutation/Earth          2
   c - Stone Arrow                    Conjuration/Earth            3
   d - Petrify                        Transmutation/Earth          4
   e - Lee's Rapid Deconstruction     Earth                        5
 o - a book of Flames

   Spells                             Type                      Level
   a - Flame Tongue                   Conjuration/Fire             1
   b - Throw Flame                    Conjuration/Fire             2
   c - Conjure Flame                  Conjuration/Fire             3
   d - Inner Flame                    Hexes/Fire                   3
   e - Sticky Flame                   Conjuration/Fire             4
   f - Fireball                       Conjuration/Fire             5
Comestibles
 d - 9 bread rations
 j - a beef jerky
 m - 10 meat rations
 q - 7 slices of pizza
 x - 34 fruits
 A - 3 royal jellies


   Skills:
 - Level 1.9 Fighting
 + Level 13.7 Dodging
 - Level 2.4 Stealth
 + Level 16.2 Spellcasting
 + Level 15.9 Conjurations
 - Level 5.3 Charms
   Level 1.1 Summonings
 - Level 1.1 Translocations
 - Level 7.3 Invocations


You had 13 spell levels left.
You knew the following spells:

 Your Spells              Type           Power        Failure   Level  Hunger
a - Magic Dart            Conj           ####         0%          1    None
b - Iskenderun's Mystic   Conj           #######.     1%          4    None
c - Mephitic Cloud        Conj/Pois/Air  ######..     1%          3    None
d - Conjure Flame         Conj/Fire      ######..     1%          3    None
e - Iskenderun's Battles  Conj/Chrm      ######..     1%          5    None
f - Fulminant Prism       Conj/Hex       ######....   1%          4    None
m - Repel Missiles        Chrm/Air       #####.       1%          2    None
q - Blink                 Tloc           N/A          1%          2    None
s - Orb of Destruction    Conj           #######...   2%          7    #####..


Dungeon Overview and Level Annotations

Branches:
Dungeon (10/15)            Temple (1/1) D:6            Lair (6/6) D:10
 Shoals (0/4) Lair:3        Snake (0/4) Lair:4        Slime (0/5) Lair:5
    Orc: D:9-12

Altars:
Ashenzari
Cheibriados
Dithmenos
Elyvilon
Fedhas
Gozag
Hepliaklqana
Kikubaaqudgha
Makhleb
Nemelex Xobeh
Okawaru
Qazlal
Ru
Sif Muna
Trog
Uskayaw
Vehumet
Xom
Yredelemnul
Zin
The Shining One

Shops:
D:6 =   D:9 ([

Annotations:
Lair:6 1 runed door


Innate Abilities, Weirdness & Mutations

Scrolls take you a little longer to read.
Armour fits poorly on your strangely shaped body.
You are dopey. (Int -2)
Your system is resistant to poisons. (rPois)
Your muscles are very strong. (Str +4)
You expend magic power (3 MP) to strengthen your wands.


Message History

Really read with blurry vision while enemies are nearby?
The tyrant leech bites you but does no damage.
You begin reading the scroll.
You continue reading the scroll.
The hornet stings you.
You feel as though you will be slow longer.
The hornet misses you. The tyrant leech closely misses you.
As you read the scroll of teleportation, it crumbles to dust.
You feel strangely unstable.
Casting: Blink
Confirm with . or Enter, or press ? or * to list all spells.
You blink.
The hornet closely misses you. The hornet stings you!
The tyrant leech closely misses you. The tyrant leech bites you!!
The tyrant leech draws strength from your injuries!
The torpor snail bites you!
* * * LOW HITPOINT WARNING * * *
Found 24 sling bullets.
You feel better. The hornet misses you. The hornet stings you.
* * * LOW HITPOINT WARNING * * *
The tyrant leech bites you!
You die...

## ##.#. #.#..
.#..†. #####
?.....## ##...##
#.....#### #$.)..#
#....#.# #.w.(#
##w...### #?@##
####..#....#
#yww####P....###...
##§w.w.w.w..## ##..
###....##### ###
######


You could see 2 tyrant leeches, 3 torpor snails and a hornet.

Vanquished Creatures
  The ghost of tsetuser the Severer, a journeyman MiFi of Trog (Lair:4)
  Josephine (Lair:5)
  8 hydras
  An anaconda (Lair:6)
  6 black mambas
  4 sirens (Lair:3)
  14 spiny frogs
  3 torpor snails
  4 rime drakes
  7 komodo dragons
  A queen bee (D:9)
  A polar bear (Lair:2)
  7 hornets
  16 dream sheep
  13 blink frogs
  A tyrant leech (Lair:6)
  8 hippogriffs
  Prince Ribbit (D:8)
  5 wraiths (Lair:5)
  3 fire bats (Lair:1)
  A wyvern (Lair:5)
  30 yaks
  7 basilisks
  Menkaure (Ossuary)
  A mottled dragon (Lair:6)
  The ghost of diosMIO22 the Slinger, an amateur HaHu (D:3)
  9 water moccasins
  Edmund (D:4)
  3 nagas (Lair:4)
  10 porcupines
  A swamp drake (Lair:6)
  2 sky beasts
  A black bear (Lair:3)
  9 ice beasts
  8 ogres
  3 phantoms
  20 wolves
  A centaur (D:6)
  3 big kobolds (D:8)
  11 crocodiles
  Blork the orc (D:4)
  9 bullfrogs
  6 scorpions
  12 killer bees (D:9)
  3 wights (D:9)
  An electric eel (Lair:1)
  4 crimson imps
  2 bullfrog zombies
  4 orc priests
  3 hounds
  A jelly (D:9)
  6 orc wizards
  A bullfrog skeleton (D:6)
  2 centaur skeletons
  Natasha (thrice) (D:3)
  9 iguanas
  6 worker ants
  4 mummies
  2 worker ant zombies (D:6)
  4 gnolls (D:7)
  14 adders
  A howler monkey skeleton (D:9)
  4 river rats (D:10)
  A shadow imp (D:6)
  An ooze (D:4)
  2 adder skeletons
  3 worms
  A dart slug (D:2)
  23 orcs
  2 giant cockroaches
  5 gnoll zombies
  8 goblins
  9 hobgoblins
  2 jackals (D:1)
  10 kobolds
  3 quokkas
  A ball python (D:1)
  12 bats
  10 frilled lizards
  5 gnoll skeletons (Ossuary)
  A goblin skeleton (Ossuary)
  A goblin zombie (Ossuary)
  4 hobgoblin zombies (Ossuary)
  2 kobold skeletons (Ossuary)
  2 kobold zombies (Ossuary)
  A leopard gecko skeleton (D:6)
  A leopard gecko zombie (D:7)
  An orc skeleton (Ossuary)
  3 orc zombies (Ossuary)
  2 quokka skeletons
  8 rats
  A rat skeleton (Ossuary)
  2 rat zombies (Ossuary)
  A fungus (Lair:6)
  5 plants
463 creatures vanquished.

Vanquished Creatures (collateral kills)
  A killer bee (D:9)
1 creature vanquished.

Vanquished Creatures (others)
  An adder zombie (D:6)
  A gnoll zombie (Ossuary)
  3 gnoll skeletons (Ossuary)
  2 goblin skeletons (Ossuary)
  A hobgoblin skeleton (Ossuary)
  A hobgoblin zombie (Ossuary)
  3 kobold skeletons (Ossuary)
  3 kobold zombies (Ossuary)
  3 orc skeletons (Ossuary)
  2 orc zombies (Ossuary)
  3 rat skeletons (Ossuary)
  3 rat zombies (Ossuary)
  15 fulminant prisms
  23 fungi
  49 plants
113 creatures vanquished.

Grand Total: 577 creatures vanquished

Notes
Turn   | Place    | Note
-------+----------+-------------------------------------------
     0 | D:1      | snowfan the Deep Elf Wizard began the quest for the Orb.
     0 | D:1      | Reached XP level 1. HP: 10/10 MP: 7/7
   300 | D:1      | Reached XP level 2. HP: 15/15 MP: 2/9
   645 | D:1      | Reached XP level 3. HP: 19/19 MP: 6/10
  1226 | D:2      | Found a faded altar of an unknown god.
  1825 | D:2      | Found a hide-covered altar of Uskayaw.
  1959 | D:3      | Noticed diosMIO22's ghost (amateur HaHu)
  1972 | D:3      | Killed diosMIO22's ghost
  1972 | D:3      | Reached skill level 5 in Conjurations
  1972 | D:3      | Reached XP level 4. HP: 11/24 MP: 0/12
  1972 | D:3      | Reached XP level 5. HP: 13/28 MP: 0/13
  2338 | D:3      | Learned a level 3 spell: Conjure Flame
  2342 | D:3      | Learned a level 3 spell: Mephitic Cloud
  2345 | D:3      | Learned a level 2 spell: Repel Missiles
  2348 | D:3      | Learned a level 2 spell: Blink
  2350 | D:3      | Noticed Natasha
  2354 | D:3      | Killed Natasha
  2354 | D:3      | Reached skill level 1 in Charms
  2354 | D:3      | Reached XP level 6. HP: 32/32 MP: 9/14
  2357 | D:3      | Noticed Natasha
  2359 | D:3      | Killed Natasha
  2401 | D:3      | Noticed Natasha
  2405 | D:3      | Killed Natasha
  2768 | D:3      | Found a shimmering altar of Xom.
  2788 | D:3      | Found a snail-covered altar of Cheibriados.
  2897 | D:3      | Reached skill level 5 in Spellcasting
  3009 | D:3      | Found a burning altar of Makhleb.
  3009 | D:3      | Noticed a green death
  3012 | D:3      | Noticed a neqoxec
  3012 | D:3      | Noticed a ynoxinul
  3283 | D:4      | Reached XP level 7. HP: 36/36 MP: 4/17
  3591 | D:4      | Reached skill level 5 in Charms
  3900 | D:4      | Reached skill level 6 in Spellcasting
  3978 | D:4      | Noticed Edmund
  3992 | D:4      | Killed Edmund
  4254 | D:4      | Noticed Blork the orc
  4265 | D:4      | Killed Blork the orc
  4479 | D:4      | Reached skill level 7 in Spellcasting
  4479 | D:4      | Reached XP level 8. HP: 19/41 MP: 7/20
  4678 | D:5      | Entered Level 5 of the Dungeon
  5403 | D:5      | Reached skill level 8 in Spellcasting
  6183 | D:6      | Reached skill level 5 in Dodging
  6325 | D:6      | Found a white marble altar of Elyvilon.
  6618 | D:6      | Found an ancient bone altar of Kikubaaqudgha.
  6618 | D:6      | Found a sacrificial altar of Ru.
  6646 | D:6      | Found Imediona's Jewellery Shop.
  6783 | D:6      | Found a sand-covered staircase.
  6834 | Ossuary  | Entered an ossuary
  7467 | Ossuary  | Noticed Menkaure
  7481 | Ossuary  | Killed Menkaure
  7481 | Ossuary  | Reached XP level 9. HP: 24/45 MP: 9/23
  8037 | D:6      | Found a staircase to the Ecumenical Temple.
  8043 | Temple   | Entered the Ecumenical Temple
  8235 | Temple   | Became a worshipper of Sif Muna the Loreminder
  8636 | D:7      | Reached skill level 9 in Spellcasting
  8869 | D:7      | Reached skill level 1 in Fighting
  9334 | D:7      | Reached skill level 1 in Invocations
  9666 | D:8      | Gained mutation: Scrolls take you a little longer to read. [mutagenic meat]
  9667 | D:8      | Gained mutation: Armour fits poorly on your strangely shaped body. [mutagenic meat]
  9668 | D:8      | Gained mutation: Your system is resistant to poisons. (rPois) [mutagenic meat]
  9669 | D:8      | Gained mutation: Your muscles are strong. (Str +2) [mutagenic meat]
  9670 | D:8      | Gained mutation: You expend magic power (3 MP) to strengthen your wands. [mutagenic meat]
  9837 | D:8      | Noticed Prince Ribbit
  9847 | D:8      | Killed Prince Ribbit
 10195 | D:8      | Reached skill level 5 in Invocations
 10322 | D:8      | Noticed a three-headed hydra
 10803 | D:8      | Killed a three-headed hydra
 10803 | D:8      | Reached XP level 10. HP: 19/53 MP: 5/25
 11029 | D:8      | Reached * piety under Sif Muna
 11038 | D:8      | Reached skill level 10 in Conjurations
 11190 | D:9      | Found a sparkling altar of Nemelex Xobeh.
 11242 | D:9      | Found Boikh's Antique Weapon Shop.
 12149 | D:9      | Found Atoadwops's Armour Boutique.
 12161 | D:9      | Reached ** piety under Sif Muna
 12182 | D:9      | Reached skill level 10 in Spellcasting
 12465 | D:9      | Gained mutation: You are dopey. (Int -2) [mutagenic meat]
 12466 | D:9      | Gained mutation: Your muscles are very strong. (Str +4) [mutagenic meat]
 12770 | D:9      | Found a basalt altar of Yredelemnul.
 12876 | D:10     | Entered Level 10 of the Dungeon
 13292 | D:10     | Reached *** piety under Sif Muna
 13476 | D:10     | Found a staircase to the Lair.
 13490 | Lair:1   | Entered Level 1 of the Lair of Beasts
 13644 | Lair:1   | Noticed a four-headed hydra
 13660 | Lair:1   | Killed a four-headed hydra
 13660 | Lair:1   | Reached skill level 11 in Spellcasting
 13660 | Lair:1   | Reached XP level 11. HP: 51/57 MP: 14/28
 13799 | Lair:1   | Noticed a five-headed hydra
 13823 | Lair:1   | Killed a five-headed hydra
 14133 | Lair:1   | Learned a level 4 spell: Iskenderun's Mystic Blast
 14140 | Lair:1   | Learned a level 4 spell: Fulminant Prism
 14146 | Lair:1   | Learned a level 5 spell: Iskenderun's Battlesphere
 14247 | Lair:1   | Noticed a four-headed hydra
 14290 | Lair:1   | Killed a four-headed hydra
 14481 | Lair:1   | Reached **** piety under Sif Muna
 14839 | Lair:1   | Reached skill level 12 in Spellcasting
 16149 | Lair:3   | Reached XP level 12. HP: 62/62 MP: 17/30
 16176 | Lair:3   | Reached skill level 13 in Spellcasting
 16203 | Lair:3   | Reached skill level 10 in Dodging
 16569 | Lair:3   | Reached ***** piety under Sif Muna
 16580 | Lair:3   | Found a staircase to the Shoals.
 16795 | Lair:3   | Learned a level 7 spell: Orb of Destruction
 16977 | Lair:3   | Identified Sif Muna's Grimoire of Bewitching Talismans (Sif Muna gifted it to you on level 3 of the Lair of Beasts)
 16977 | Lair:3   | Received a gift from Sif Muna
 17396 | Lair:4   | Found a staircase to the Snake Pit.
 17816 | Lair:3   | Reached skill level 14 in Spellcasting
 18680 | Lair:4   | Noticed tsetuser's ghost (journeyman MiFi)
 18690 | Lair:4   | Killed tsetuser's ghost
 19814 | Lair:5   | Reached XP level 13. HP: 66/66 MP: 13/33
 19822 | Lair:5   | Found a frozen archway.
 20117 | Lair:5   | Noticed Josephine
 20120 | Lair:5   | Killed Josephine
 20194 | Lair:5   | Identified Sif Muna's Reference Book on the Traveller and Attacks (Sif Muna gifted it to you on level 5 of the Lair of Beasts)
 20194 | Lair:5   | Received a gift from Sif Muna
 20200 | Lair:5   | Reached skill level 15 in Spellcasting
 20439 | Lair:5   | Reached skill level 15 in Conjurations
 20474 | Lair:5   | Found a staircase to the Slime Pits.
 20523 | Lair:5   | Found a hazy altar of Hepliaklqana.
 21308 | Lair:6   | Entered Level 6 of the Lair of Beasts
 21737 | Lair:6   | Got a bound turquoise ring
 21980 | Lair:6   | Reached skill level 16 in Spellcasting
 22229 | Lair:6   | Received a gift from Sif Muna
 22494 | Lair:6   | Found a runed door.
 22895 | Lair:6   | Slain by a tyrant leech

Skill      XL: |  1  2  3  4  5  6  7  8  9 10 11 12 13 |
---------------+----------------------------------------+-----
Conjurations   | 2 3 5 6 8 9 12 13 14 15 | 15.9
Charms         | 1 4 5 |  5.3
Spellcasting   | 5 7 8 9 11 12 14 16 | 16.2
Dodging        | 7 9 12 13 | 13.7
Fighting       | 1 |  1.9
Invocations    | 7 |  7.3
Stealth        | |  2.4
Summonings     | |  1.1
Translocations | |  1.1

Action                   |  1- 3 |  4- 6 |  7- 9 | 10-12 | 13-15 || total
-------------------------+-------+-------+-------+-------+-------++-------
Melee: Short sword       |     4 |       |     6 |       |       ||    10
       Unarmed           |       |       |       |     1 |     4 ||     5
 Fire: Hunting sling     |       |       |       |    51 |     2 ||    53
Throw: Stone             |       |       |    10 |       |       ||    10
 Cast: Magic Dart        |    99 |   104 |   537 |   393 |    30 ||  1163
       Conjure Flame     |       |     1 |    26 |    35 |     1 ||    63
       Mephitic Cloud    |       |     1 |    24 |    27 |     6 ||    58
       Blink             |       |       |     7 |     4 |     2 ||    13
       Repel Missiles    |       |       |     1 |       |       ||     1
       Iskenderun's Myst |       |       |       |   134 |    95 ||   229
       Iskenderun's Batt |       |       |       |    20 |    10 ||    30
       Fulminant Prism   |       |       |       |    10 |     5 ||    15
       Orb of Destructio |       |       |       |     6 |    25 ||    31
Invok: Divine Energy     |       |       |       |     1 |       ||     1
       Channel Magic     |       |       |       |       |     6 ||     6
  Use: Scroll            |       |       |    15 |     3 |     1 ||    19
       Potion            |       |       |       |     2 |     1 ||     3
  Eat: Chunk             |     3 |     4 |    21 |    25 |    17 ||    70
       Fruit             |       |       |     5 |     2 |       ||     7
       Beef jerky        |       |       |     1 |     1 |       ||     2
       Meat ration       |       |       |       |     1 |       ||     1
Armor: Robe              |     7 |     2 |    17 |    27 |     4 ||    57
Dodge: Dodged            |     8 |    12 |    62 |    97 |    21 ||   200
       Deflected         |       |       |     1 |       |       ||     1
